[Event "FIDE Grand Swiss 2023"]
[Site "Villa Marina, Douglas, Isle of Man, Isle Of Man"]
[Date "2023.11.02"]
[Round "8.44"]
[White "Vokhidov, Shamsiddin"]
[Black "Ponomariov, Ruslan"]
[Result "1/2-1/2"]
[TimeControl "40/90 + 30 + 30s/move"]
[WhiteFideId "14204223"]
[BlackFideId "14103320"]
[WhiteElo "2578"]
[BlackElo "2641"]

1. e4 c6 2. d4 d5 3. exd5 cxd5 4. Bd3 Nc6 5. c3 Nf6 6. Bf4 Bg4 7. Qb3 Qc8 8. Nd2 e6 9. Ngf3 Be7 10.
O-O Bh5 11. Rfe1 Bg6 12. Bxg6 hxg6 13. Qb5 Nd7 14. g3 a6 15. Qd3 b5 16. a4 bxa4 17. Rxa4 a5 18. h4 O-O 19. Kg2 Qb7 20.
b3 Rfc8 21. Raa1 Nf6 22. Ra2 Ne4 23. Re2 Bf6 24. Nxe4 dxe4 25. Qxe4 Qxb3 26. Rec2 a4 27. Bd6 Be7 28. Ra3 Qb6 29.
Bxe7 Nxe7 30. Ne5 Qb1 31. Qe2 Qb7+ 32. Qf3 Qxf3+ 33. Kxf3 Nc6 34. Nxc6 Rxc6 35. Ke4 Kf8 36. Rb2 Rc7 37. Rb4 Ke7 38. c4 Rca7 39.
Kd3 Kd6 40. Kc3 Kc6 41. Rb5 Ra6 42. Kb4 R6a7 43. g4 Rd8 44. Rc5+ Kb6 45. Rb5+ Kc6 46. Kc3 Rh8 47. h5 gxh5 48.
gxh5 Rh6 49. Kb4 Rf6 50. Rxa4 Rxa4+ 51. Kxa4 Rxf2 52. Rg5 Rf4 53. Rxg7 Rxd4 54. Rxf7 Rxc4+ 55. Kb3 Rh4 56. Rh7 Kd5 57.
h6 Ke5 58. Rh8 Kf6 59. Kc3 Kg6 60. Re8 Rxh6 61. Rxe6+ 1/2-1/2

[Event "FIDE Grand Swiss 2023"]
[Site "Villa Marina, Douglas, Isle of Man, Isle Of Man"]
[Date "2023.11.02"]
[Round "8.45"]
[White "Sadhwani, Raunak"]
[Black "Royal, Shreyas"]
[Result "1/2-1/2"]
[TimeControl "40/90 + 30 + 30s/move"]
[WhiteFideId "35093487"]
[BlackFideId "448869"]
[WhiteElo "2641"]
[BlackElo "2407"]

1. Nf3 d5 2. c4 dxc4 3. Nc3 c5 4. e4 Nc6 5. Bxc4 e6 6. Bb5 Bd7 7. O-O Nge7 8. d4 cxd4 9. Nxd4 Nxd4 10.
Qxd4 Bxb5 11. Nxb5 Nc6 12. Qa4 a6 13. Rd1 Qb6 14. Nd4 Bc5 15. Be3 O-O 16. Nxc6 bxc6 17. Bxc5 Qxc5 18. Rac1 Qb5 19.
Qd4 h6 20. b3 Rac8 21. Rc4 Qg5 22. Rdc1 Rfd8 23. Qb6 Qd2 24. h3 Qxa2 25. Rxc6 Rb8 26. Qxa6 Qxa6 27. Rxa6 Rxb3 28. Ra2 Rbd3 29.
f3 Rd1+ 30. Rxd1 Rxd1+ 1/2-1/2

[Event "FIDE Grand Swiss 2023"]
[Site "Villa Marina, Douglas, Isle of Man, Isle Of Man"]
[Date "2023.11.02"]
[Round "8.46"]
[White "Adhiban, B."]
[Black "Donchenko, Alexander"]
[Result "1/2-1/2"]
[TimeControl "40/90 + 30 + 30s/move"]
[WhiteFideId "5018471"]
[BlackFideId "24603295"]
[WhiteElo "2551"]
[BlackElo "2676"]

1. e4 c6 2. Nf3 d5 3. d3 dxe4 4. dxe4 Qxd1+ 5.
Kxd1 Nd7 6. Nfd2 e5 7. f3 Ne7 8. Nb3 f5 9. N1d2 Nf6 10. Bd3 fxe4 11. Nxe4 Nxe4 12. Bxe4 Bf5 13. Nc5 O-O-O+ 14. Ke2 b6 15. Bg5 bxc5 16. Bxe7 Bxe7 17. Bxf5+ Kc7 18. Rad1 h6 19. Rxd8 Rxd8 20. c3 Bg5 21. Rd1 Rxd1 22.
Kxd1 Bf4 23. g3 Be3 24. Ke2 Bc1 25. b3 Kd6 26. c4 Bb2 27. h4 Bc3 28. h5 Ba5 29. Bg6 Ke7 30. Be4 Kd6 31.
Bg6 Ke7 32. Kd3 Be1 33. g4 Bh4 34. Ke4 Bf6 35. Kf5 Kd7 36. Bf7 Ke7 37. Be6 Kd6 38. Bf7 Ke7 39. Kg6 a5 40. Bg8 e4 41.
fxe4 Bc3 42. Kf5 Kd6 43. Bf7 Ke7 44. Bg8 Kd6 45. Bh7 Bb2 46. Bg6 Bc3 47. Be8 Bb2 48. g5 Bc3 49. Bf7 Bb2 50.
Be8 Bc3 51. Kg6 Bd2 52. gxh6 gxh6 53. Kg7 Bc1 54. Kf8 Bd2 55. Bg6 Bc3 56. Kf7 Bb2 57. Bf5 Bc3 58. Bh3 Bb2 59. Bg4 Bc3 60.
Kg6 Bd2 61. Bf3 Bc1 62. Kg7 Bd2 63. Kf6 Bc3 64. Kf5 Bb2 65. Bg2 Bc3 66. Bh1 Bb2 67. Bf3 Bc3 68. Kg6 Bd2 69. a3 Ke5 70.
Kf7 Bc1 71. a4 Kd6 72. Be2 Bd2 73. Bg4 Bc1 74. Bd1 Bb2 75. Bc2 Bc3 76. Bb1 Bb2 77. Kf8 Bc3 78. Ke8 Bf6 79. Ba2 Bg5 80.
Kf8 Bf6 81. Kf7 Bc3 82. Kg6 Bd2 83. Kf5 Bc3 84. Kg6 Bd2 85. Kf5 Bc3 86. Kg6 Bd2 1/2-1/2

[Event "FIDE Grand Swiss 2023"]
[Site "Villa Marina, Douglas, Isle of Man, Isle Of Man"]
[Date "2023.11.02"]
[Round "8.47"]
[White "Fawzy, Adham"]
[Black "Shevchenko, Kirill"]
[Result "0-1"]
[TimeControl "40/90 + 30 + 30s/move"]
[WhiteFideId "10613129"]
[BlackFideId "14129574"]
[WhiteElo "2535"]
[BlackElo "2671"]

1. e4 c5 2. Nf3 e6 3. d4 cxd4 4. Nxd4 Nc6 5. c4 Qb6 6. Nb3 Bb4+ 7. N1d2 Nf6 8. Bd3 Ne5 9. Be2 O-O 10.
O-O d6 11. Nf3 Nxe4 12. Be3 Qc7 13. Nxe5 dxe5 14. c5 b6 15. Rc1 Bxc5 16. Nxc5 bxc5 17. Qa4 Bb7 18. f3 Nf6 19. Rxc5 Qb8 20.
Rb5 a6 21. Rb3 Nd5 22. Qd7 Nxe3 23. Rc1 e4 24. Qxb7 Qxb7 25. Rxb7 exf3 26. Bxf3 Nf5 27. Rb6 Rab8 28. Rcc6 a5 29. b3 g6 30. Ra6 Rb5 31.
Rc7 Nd4 32. Rca7 Nxf3+ 33. gxf3 Rg5+ 34. Kf2 Rc8 35. Ra8 Rxa8 36. Rxa8+ Kg7 37. Ke3 Re5+ 38. Kd3 Rh5 39. a4 Kf6 40. h4 Rf5 41. Ke3 Rh5 42.
Kd3 h6 43. Ra7 Rf5 44. Ke3 g5 45. h5 Rd5 46. Ke4 Rf5 47.
Ke3 Rf4 48. Rb7 Rh4 49. Rb5 g4 50. fxg4 Rxg4 51. Kd3 Rg3+ 52. Kc4 Rg5 53. Kd4 Rf5 54. Kc4 Re5 55. Kd4 Rg5 56. Kc4 Rf5 57.
Rxf5+ Kxf5 58. b4 Ke5 59. b5 Kd6 60. Kd4 f5 61. Ke3 e5 62. Kf3 Kc5 63. Ke3 e4 64. Kf4 Kd5 65. Ke3 Ke5 66.
Ke2 f4 67. Kd2 Kd6 68. Ke2 Kd5 69. Kd2 f3 70. Ke3 Ke5 71. Kf2 Kf4 72. b6 e3+ 73. Kf1 Kg3 74. b7 e2+ 75. Ke1 f2+ 76.
Kxe2 Kg2 77. b8=Q f1=Q+ 78. Kd2 Qf2+ 79. Kc1 Qe1+ 80. Kc2 Qe2+ 81. Kc1 Qc4+ 82. Kb2 Qd4+ 83. Kb3 Qd1+ 84. Kb2 Qxh5 85.
Qb7 Kf1 86. Qb5+ Qe2+ 87. Ka3 h5 88. Qxa5 Qe3+ 89. Kb2 Qd4+ 90. Kb3 Qd3+ 91. Kb2 h4 92. Qa8 h3 93. a5 Qd4+ 94. Kb3 h2 95.
Qh1+ Qg1 96. Qf3+ Qf2 97. Qh1+ Ke2 98. Ka4 Qf4+ 99. Kb5 Kf2 100. a6 Qg5+ 101. Kb4 Qg1 102. Qd5 Qe1+ 103. Ka4 h1=Q 104. Qc5+ Qe3 105. Qc2+ Kf3 0-1

[Event "FIDE Grand Swiss 2023"]
[Site "Villa Marina, Douglas, Isle of Man, Isle Of Man"]
[Date "2023.11.02"]
[Round "8.48"]
[White "Santos Latasa, Jaime"]
[Black "Iturrizaga Bonelli, Eduardo"]
[Result "1/2-1/2"]
[TimeControl "40/90 + 30 + 30s/move"]
[WhiteFideId "2293307"]
[BlackFideId "3901211"]
[WhiteElo "2650"]
[BlackElo "2615"]

1. e4 e5 2. Nf3 Nc6 3. Bb5 Bc5 4. c3 Nf6 5. d4 exd4 6. e5 Nd5 7. O-O Be7 8. a4 a5 9. Nxd4 O-O 10.
Nf5 d6 11. Nxe7+ Ncxe7 12. c4 c6 13. cxd5 cxb5 14. Bg5 h6 15. exd6 Qxd6 16. Bxe7 Qxe7 17. d6 Qd7 18. Nc3 bxa4 19.
Nxa4 Qb5 20. Nc3 Qc6 21. Qd4 Be6 22. Rfd1 Rfd8 23. Ne4 Qc4 24. Qe3 b6 25. Rd4 Qb5 26. Qd2 Rac8 27. h3 Rc4 28.
Rd1 Qc6 29. Qe3 Rxd4 30. Qxd4 Rd7 31. Ng3 Qb5 32. Kh2 Rd8 33. Rd2 Rc8 34. f4 Rc4 35. Qe3 Bd7 36. f5 Rc5 37. f6 Re5 38.
Qf4 g5 39. Qf3 Qb4 40. Qh5 Qh4 41. Qxh4 gxh4 42. Ne2 Kf8 43. Nc3 Ke8 44. Rd4 Bc6 45. Kg1 Kd7 46. Rxh4 b5 47. Kf2 Rf5+ 48.
Ke3 b4 49. Ne2 Bxg2 50. Rxh6 Rf3+ 51. Kd4 a4 52. Rh5 Bf1 53. Nc1 Rxf6 54. Kc5 Rf4 55. b3 axb3 56. Nxb3 Bc4 1/2-1/2

[Event "FIDE Grand Swiss 2023"]
[Site "Villa Marina, Douglas, Isle of Man, Isle Of Man"]
[Date "2023.11.02"]
[Round "8.49"]
[White "Idani, Pouya"]
[Black "Dardha, Daniel"]
[Result "1/2-1/2"]
[TimeControl "40/90 + 30 + 30s/move"]
[WhiteFideId "12510130"]
[BlackFideId "240990"]
[WhiteElo "2633"]
[BlackElo "2580"]

1. e4 e5 2. Nf3 Nc6 3. Bc4 d6 4.
d4 Nf6 5. dxe5 dxe5 6. Qxd8+ Nxd8 7. Nfd2 Ne6 8. f3 Bc5 9. Nb3 Bb6 10. Nc3 c6 11. Na4 Bc7 12. Nac5 Nxc5 13. Nxc5 Nd7 14. Nd3 Nf8 15. a4 Be6 16.
b3 Bxc4 17. bxc4 O-O-O 18. Be3 a6 19. O-O-O Ne6 20. c3 h5 21. Kc2 f6 22. Nc5 Nxc5 23. Bxc5 Rxd1 24. Rxd1 Rd8 25. Rxd8+ Kxd8 26.
h3 Kd7 27. g4 g6 28. Kd3 Ke6 29. Be3 Bd8 30. Ke2 Be7 1/2-1/2

[Event "FIDE Grand Swiss 2023"]
[Site "Villa Marina, Douglas, Isle of Man, Isle Of Man"]
[Date "2023.11.02"]
[Round "8.50"]
[White "Gurel, Ediz"]
[Black "Kollars, Dmitrij"]
[Result "1/2-1/2"]
[TimeControl "40/90 + 30 + 30s/move"]
[WhiteFideId "44507356"]
[BlackFideId "12909572"]
[WhiteElo "2514"]
[BlackElo "2633"]

1. e4 e5 2. Nf3 Nc6 3. Bb5 a6 4. Ba4 Nf6 5. O-O Be7 6. Re1 b5 7. Bb3 O-O 8. d4 Nxd4 9. Bxf7+ Rxf7 10.
Nxe5 Rf8 11. Qxd4 Bb7 12. Nc3 c5 13. Qd1 d6 14. Ng4 Nxg4 15. Qxg4 Bf6 16. Bf4 b4 17. Ne2 Bxb2 18. Rad1 Qc8 19.
Qg3 Qe6 20. Bxd6 Rfe8 21. Bxc5 Bxe4 22. Bxb4 Qxa2 23. Nc3 Bxc3 24. Bxc3 Qf7 25. Re2 Rac8 26. h4 Qg6 27. Re3 Bf5 28.
Rxe8+ Rxe8 29. Qxg6 hxg6 30. Rd6 Re4 31. Rxa6 Rxh4 32. Ra8+ Kf7 33. Ra7+ Ke6 34. Bxg7 Bxc2 35. f3 Ra4 36.
Rc7 Ra2 37. Rc6+ Kf7 38. Be5 Bd3 39. Rd6 Re2 40. Bc3 Bf5 41. g4 Be6 42. Bd2 Bb3 43. Bg5 Be6 44. Rd4 Re5 45. Rf4+ Kg8 46.
Bf6 Re2 47. Kf1 Rc2 48. Rd4 Kf7 49. Bg5 Rc4 50. Rd6 Rc5 51. Be3 Rd5 52. Rc6 Rd3 53. Ke2 Rb3 54. Rc7+ Ke8 55. Bd4 Bd5 56.
Bc3 Kd8 57. Rc5 Ke7 58. Rxd5 Rxc3 1/2-1/2

[Event "FIDE Grand Swiss 2023"]
[Site "Villa Marina, Douglas, Isle of Man, Isle Of Man"]
[Date "2023.11.02"]
[Round "8.51"]
[White "Henriquez Villagra, Cristobal"]
[Black "Parligras, Mircea-Emilian"]
[Result "0-1"]
[TimeControl "40/90 + 30 + 30s/move"]
[WhiteFideId "3409350"]
[BlackFideId "1204297"]
[WhiteElo "2630"]
[BlackElo "2561"]

1. d4 Nf6 2. Nf3 d5 3. Bf4 c5 4. e3 Nc6 5. Be2 Bg4 6. Nbd2 e6 7. O-O Bd6 8. dxc5 Bxc5 9. c4 O-O 10.
Rc1 Bd6 11. Bg5 Be7 12. h3 Bh5 13. a3 Rc8 14. Bf4 Bd6 15. Bxd6 Qxd6 16. b4 Rfd8 17. c5 Qe7 18. Nd4 Bxe2 19.
Qxe2 a5 20. b5 Nxd4 21. exd4 b6 22. Qe3 bxc5 23. Rxc5 Nd7 24. Rxd5 Nb6 25. Rxd8+ Qxd8 26. Re1 a4 27. Qd3 h6 28.
Nf3 Nd5 29. Qd2 Rc3 30. Rc1 Rxa3 31. Ne5 Rb3 32. Rc5 Nb6 33. Nc6 Rb1+ 34. Kh2 Qf6 35. f4 a3 36. f5 Rb2 37. Rc2 a2 0-1

[Event "FIDE Grand Swiss 2023"]
[Site "Villa Marina, Douglas, Isle of Man, Isle Of Man"]
[Date "2023.11.02"]
[Round "8.52"]
[White "Samunenkov, Ihor"]
[Black "Mendonca, Leon Luke"]
[Result "1/2-1/2"]
[TimeControl "40/90 + 30 + 30s/move"]
[WhiteFideId "14187086"]
[BlackFideId "35028561"]
[WhiteElo "2531"]
[BlackElo "2622"]

1. d4 Nf6 2. c4 e6 3. g3 d5 4. Nf3 Bb4+ 5. Bd2 Bd6 6. Bg2 O-O 7. Qc2 a5 8. O-O c6 9. Nc3 dxc4 10.
Bg5 Be7 11. e3 b5 12. a4 b4 13. Bxf6 gxf6 14. Ne4 Ba6 15. Rfc1 Nd7 16. Bf1 c5 17. Nxc5 Nxc5 18. dxc5 Rc8 19.
Bxc4 Rxc5 20. Qe2 Qc7 21. b3 f5 22. Nd4 Bf6 23. Ra2 Bxc4 24. bxc4 Rc8 25. Rac2 Qd7 26. Nb3 Qxa4 27. Nxc5 Rxc5 28.
Ra2 Qc6 29. Qd1 Kg7 30. h3 Qb7 31. Rb1 Qe4 32. Rc1 h6 33. Kh2 Bc3 34. Qb3 Be5 35. Qd1 Qb7 36. Rb1 Qe4 37. Rc1 Bc3 38.
Qb3 Bf6 39. Qd1 Be5 40. Kg1 Bc3 41. Qb3 Bf6 42. Qd1 Kg6 43. Kh2 Bg7 44. Kg1 Be5 45. Ra4 Qb7 46. Rb1 Qc6 47. Rc1 Bf6 48.
Ra2 Qb7 49. Rb1 Qe4 50. Rc1 h5 51. h4 Qb7 52. Rb1 Qc6 53. Rc1 Kg7 54. Kh2 Qb7 55. Ra4 Qc6 56. Kg1 Kg6 57. Ra2 Qb7 58.
Rb1 Qc7 59. Rc1 Qc6 60. Kh2 Qb7 61. Ra4 Qc6 62. Kg1 Kh6 63. Ra2 Kg7 64. Kh2 Qb7 65. Ra4 Qe4 66. Kg1 Qg4 67. Qxg4+ fxg4 68.
Kf1 Kf8 69. Ke2 Ke8 70. Rd1 Be5 71. Kd3 Ke7 72. Rd2 Bc7 73. Rd1 Ke8 74. Rd2 Ke7 75. Rd1 Bb6 76. Rd2 Kf6 77. Rd1 Ke5 78.
Rd2 Rc8 79. Rd1 Rc7 80. Rd2 Rc5 81. Rd1 Kf5 82. Rc1 Kf6 83. Rc2 Bc7 84. Rc1 Ke7 85. Rd1 1/2-1/2

[Event "FIDE Grand Swiss 2023"]
[Site "Villa Marina, Douglas, Isle of Man, Isle Of Man"]
[Date "2023.11.02"]
[Round "8.53"]
[White "Wagner, Dennis"]
[Black "Lazavik, Denis"]
[Result "1/2-1/2"]
[TimeControl "40/90 + 30 + 30s/move"]
[WhiteFideId "24650684"]
[BlackFideId "13515110"]
[WhiteElo "2589"]
[BlackElo "2560"]

1. d4 Nf6 2. c4 e6 3. Nf3 d5 4. Nc3 Be7 5. Bg5 h6 6. Bh4 dxc4 7. e3 c5 8. Bxc4 cxd4 9. exd4 Nc6 10.
O-O O-O 11. Re1 Nh5 12. Re4 Nf6 13. Re2 Nh5 14. Bg3 Nxg3 15. hxg3 Bf6 16. Rd2 Na5 17. Bd3 b6 18. Ne4 Be7 19.
Ne5 Bb7 20. Nc3 Rc8 21. Qg4 Bb4 22. Rc1 Qg5 23. Qe2 Rfd8 24. Rcc2 Nc6 25. Nf3 Qf6 26. a3 Bxc3 27. bxc3 Ne7 28. Ne5 g6 29. a4 h5 30. a5 bxa5 31. Ba6 Bxa6 32. Qxa6 Kg7 33.
Qxa5 h4 34. gxh4 Qxh4 35. Nf3 Qf6 36. Qe5 Nc6 37. Qxf6+ Kxf6 38. Ra2 a5 39. g3 Rb8 40. Kg2 Rdc8 1/2-1/2

[Event "FIDE Grand Swiss 2023"]
[Site "Villa Marina, Douglas, Isle of Man, Isle Of Man"]
[Date "2023.11.02"]
[Round "8.54"]
[White "Sanal, Vahap"]
[Black "Kozak, Adam"]
[Result "1/2-1/2"]
[TimeControl "40/90 + 30 + 30s/move"]
[WhiteFideId "6300545"]
[BlackFideId "753246"]
[WhiteElo "2603"]
[BlackElo "2566"]

1. e4 e5 2. Nf3 Nc6 3. Bb5 Nf6 4.
d3 Bc5 5. O-O Nd4 6. Nxd4 Bxd4 7. c3 Bb6 8. Na3 c6 9. Ba4 d6 10. Bc2 Be6 11. Nc4 Bc7 12. Qe2 b5 13. Ne3 O-O 14.
d4 Re8 15. Rd1 d5 16. exd5 Bxd5 17. Nxd5 Nxd5 18. dxe5 Bxe5 19. Qf3 Qf6 20. Qxf6 Bxf6 21. Bd2 a5 22. Rac1 g6 23. g3 Nb6 24.
Bf4 Nd5 25. Bd2 Nb6 26. b3 a4 27. Kf1 axb3 28. Bxb3 Na4 29. Be3 Nxc3 30. Rd6 Be5 31. Rd7 Nd5 32. Bg5 Ra6 33. Re1 Raa8 34.
Rc1 Ra6 35. Rxc6 Rxc6 36. Bxd5 Ree6 37. Bh6 Rc8 38. Bxe6 fxe6 39. Rb7 Bd4 40. Rxb5 Rc2 41. Rb8+ Kf7 42. Rf8+ Ke7 43. a3 Ra2 44.
Rf3 e5 45. g4 Ke6 46. Bg5 e4 47. Rf4 Kd5 48. Rf7 Rxa3 49. Rxh7 Rf3 50. Rd7+ Kc4 51. Bh4 e3 52. Bg3 exf2 53.
Re7 Kd3 54. Re2 Re3 55. Rxe3+ Bxe3 56. Bxf2 Bf4 57. Kg2 Ke4 58. Bg3 Bg5 59. h4 Be7 60. Kh3 Bf8 61. Be1 Bd6 62. Bc3 Be7 63.
Bb2 Bf8 64. Bf6 Bd6 65. Bg7 Be7 66. Bh6 Bd6 67. Bg5 Bf8 68. Kg2 Bd6 69. Kf2 Bc5+ 70. Ke2 Bd6 71. h5 gxh5 72. gxh5 Kf5 73.
Be3 Be7 74. h6 Kg6 75. Kf3 Bf8 76. Kg4 Bxh6 77. Bxh6 1/2-1/2

[Event "FIDE Grand Swiss 2023"]
[Site "Villa Marina, Douglas, Isle of Man, Isle Of Man"]
[Date "2023.11.02"]
[Round "8.55"]
[White "Wu, Li"]
[Black "Greenfeld, Alon"]
[Result "1-0"]
[TimeControl "40/90 + 30 + 30s/move"]
[WhiteFideId "411086"]
[BlackFideId "2800039"]
[WhiteElo "2303"]
[BlackElo "2455"]

1. c4 c5 2. Nf3 Nf6 3. g3 b6 4.
Bg2 Bb7 5. O-O g6 6. b3 Bg7 7. Bb2 O-O 8. Nc3 e6 9. d4 d5 10. dxc5 dxc4 11. Nb5 Nbd7 12. Nd6 Bc6 13. cxb6 axb6 14.
Nxc4 b5 15. Nce5 Nxe5 16. Bxe5 Ra6 17. Qd4 Qxd4 18. Nxd4 Bxg2 19. Kxg2 b4 20. Rfc1 Nd5 21. Bxg7 Kxg7 22. Rc4 Rb8 23.
Nc2 Rab6 24. e4 Nf6 25. Rd1 g5 26. f4 gxf4 27. gxf4 e5 28. Kf3 R8b7 29. Ne3 1-0

[Event "FIDE Grand Swiss 2023"]
[Site "Villa Marina, Douglas, Isle of Man, Isle Of Man"]
[Date "2023.11.02"]
[Round "8.56"]
[White "Amar, Elham"]
[Black "Fier, Alexandr"]
[Result "1/2-1/2"]
[TimeControl "40/90 + 30 + 30s/move"]
[WhiteFideId "1533533"]
[BlackFideId "2107139"]
[WhiteElo "2568"]
[BlackElo "2574"]

1. e4 c5 2. Nf3 d6 3. d4 cxd4 4. Nxd4 Nf6 5. Nc3 a6 6. Bd3 e5 7. Nde2 Be7 8. O-O O-O 9. h3 Be6 10.
f4 exf4 11. Nxf4 Nc6 12. Be3 Ne5 13. Bd4 Nfd7 14. Ncd5 Bg5 15. a4 a5 16. Bb5 Nc6 17. Bc3 Nc5 18. Qf3 Na7 19. Bc4 Nc6 20.
Bb5 Na7 21. Rad1 Nxb5 22. axb5 Nd7 23. Qg3 Nc5 24. Rfe1 f6 25. Nxe6 Nxe6 26. Qg4 Nc5 27. h4 Bh6 28. Bd4 Kh8 29.
Bxc5 dxc5 30. Qg3 Rc8 31. c4 Qe8 32. e5 fxe5 33. Qxe5 Qxe5 34. Rxe5 Rce8 35. Rde1 Rxe5 36. Rxe5 Bc1 37. Re2 h5 38. b3 Rf7 39. Rc2 Bf4 40. Rf2 Bh2+ 41. Kf1 Kg8 42.
Rxf7 Kxf7 43. Kf2 Be5 44. Kf3 g6 45. g4 hxg4+ 46. Kxg4 Bb2 47. Kf4 Bf6 48. Kg4 Bb2 49. Nf4 Be5 50.
Nd3 Bd6 51. Ne1 Ke6 52. Nf3 Be7 53. Kf4 b6 54. Kg4 Bf6 55. Kf4 Be7 56. Kg4 Bf6 57. Kf4 1/2-1/2

[Event "FIDE Grand Swiss 2023"]
[Site "Villa Marina, Douglas, Isle of Man, Isle Of Man"]
[Date "2023.11.02"]
[Round "8.57"]
[White "Krasenkow, Michal"]
[Black "Kolbus, Dietmar"]
[Result "1-0"]
[TimeControl "40/90 + 30 + 30s/move"]
[WhiteFideId "1113100"]
[BlackFideId "4610628"]
[WhiteElo "2531"]
[BlackElo "2225"]

1. d4 d5 2. c4 c6 3. Nc3 Nf6 4. e3 g6 5. Nf3 Bg7 6. Be2 O-O 7. O-O b6 8. a4 Ba6 9. b3 Ne4 10.
Bb2 Nxc3 11. Bxc3 Nd7 12. a5 dxc4 13. bxc4 c5 14. Qb3 e6 15. Rfd1 Qc7 16. d5 Bxc3 17. Qxc3 exd5 18. Rxd5 Bb7 19.
Rd2 Rfe8 20. h4 h5 21. Rad1 Re7 22. Rd6 Rae8 23. axb6 axb6 24. Ng5 Bc6 25. Bf3 Bxf3 26. gxf3 Nf8 27.
Qf6 Nh7 28. Nxh7 Kxh7 29. Rxb6 Re6 30. Rxe6 Rxe6 31. Qd8 Qb7 32. Kg2 Kg7 33. Rd7 Qc6 34. Qc7 Qxc7 35. Rxc7 Re5 36. f4 Rf5 37.
Rc6 Rf6 38. Rxf6 Kxf6 39. Kf3 Kf5 40. e4+ Ke6 41. f5+ gxf5 42. Kf4 fxe4 43. Kxe4 f6 44. Kf4 f5 45. Kg5 Ke5 46. Kxh5 Ke4 47.
Kg5 Kd5 48. Kf4+ 1-0